AoeStats
← Kubya

Arabian Desert

509095722Analyzed
1v1 RM · 7d ago on Sep 25, 2026· 41m 4s· 2 players
Game mode
Random Map
Map size
Tiny (2 player)
Population
200
Speed
Normal
Resources
Standard
Victory
Conquest
Starting age
Dark Age
Ending age
Imperial Age
RankedLock teamsTeams togetherTeam positionsShared explorationLock speedFull tech treeHidden civsTurbo modeCheats
Victory
Defeat
🇺🇸 Mongols · United States
1670
+11
🇸🇪 Tatars · Sweden
1558
-11
KrazyHands
5:47 Loom
7:46 Feudal Age
9:02 Double-Bit Axe
21:27 Castle Age
20:30 Gold Mining
20:48 Horse Collar
21:35 Crossbowman
22:06 Fletching
22:52 Bodkin Arrow
23:52 Bow Saw
23:56 Town Watch
27:54 Wheelbarrow
28:42 Ballistics
30:14 Padded Archer Armor
33:13 Hand Cart
38:15 Imperial Age
35:55 Thumb Ring
37:10 Bloodlines
37:01 Husbandry
37:32 Scale Barding Armor
37:42 Leather Archer Armor
37:38 Forging
38:19 Gold Shaft Mining
37:45 Heavy Plow
37:47 Light Cavalry
39:14 Bracer
38:36 Arbalester
40:18 Chemistry
40:33 Chain Barding Armor
Kubya
5:34 Loom
8:53 Feudal Age
11:04 Double-Bit Axe
12:26 Horse Collar
14:10 Arson
16:17 Forging
19:21 Scale Barding Armor
23:59 Castle Age
23:46 Bloodlines
24:43 Scale Mail Armor
25:05 Chain Barding Armor
25:50 Gold Mining
26:03 Husbandry
30:19 Wheelbarrow
29:44 Stone Mining
40:16 Imperial Age
38:50 Silk Armor
39:42 Town Watch
Connection lost

Rejoining the realm…

Still unreachable

The connection could not be restored.

Session expired

The server has moved on; the page needs a fresh start.